St.Louis Blues vs Philadelphia Flyers
(R1)
Created - Wednesday, February 7, 2024 at 07:26
Goals
|
| St.Louis Blues |
0 |
0 |
1 |
1 |
| Philadelphia Flyers |
1 |
1 |
0 |
2 |
|
Shots
|
| St.Louis Blues |
8 |
10 |
12 |
30 |
| Philadelphia Flyers |
6 |
8 |
7 |
21 |
|
1st period
1. Philadelphia Flyers , Jesper Fast 1 (Sonny Milano 3, Oliver Ekman-Larsson 5) at 6:42
Penalties :
Ben Chiarot (PHI) for Holding Stick (Minor) at 13:42
2nd period
2. Philadelphia Flyers , Matt Duchene 3 (Auston Matthews 5, Max Pacioretty 1) at 18:44 (PP)
Penalties :
Robert Thomas (STL) for Hooking (Minor) at 6:25, Mikhail Sergachev (STL) for Interference (Minor) at 14:24, Elias Pettersson (STL) for Hooking (Minor) at 17:30
3rd period
3. St.Louis Blues , Elias Pettersson 3 (Jake Sanderson 1) at 5:37
Penalties :
No Penalty
Goalie Stats
Connor Hellebuyck (STL), 19 saves from 21 shots - (0.905), L, 2-1-1, 59:30 minutes
Connor Ingram (PHI), 29 saves from 30 shots - (0.967), W, 3-0-1, 60:00 minutes
Players Stats for St.Louis Blues
Player Name G A P +/- PIM S H SB GA TA FO MP PP MP PK MP
------------------------------------------------------------------------------------
Adam Pelech 0 0 0 1 0 0 0 0 0 0 0/0 15:09 0:00 2:36
Alex Pietrangelo 0 0 0 0 0 1 2 3 0 1 0/0 22:48 0:38 0:00
Andrew Copp 0 0 0 0 0 2 1 0 0 0 3/5 10:04 0:00 2:43
Colton Parayko 0 0 0 -1 0 1 0 0 1 1 0/0 21:31 0:38 2:36
Elias Pettersson 1 0 1 0 2 6 1 0 0 0 1/3 21:33 1:07 0:07
Evander Kane 0 0 0 0 0 2 5 0 0 0 0/0 11:22 0:00 0:00
Jack Eichel 0 0 0 0 0 3 1 0 1 1 8/14 15:35 1:21 0:00
Jake Guentzel 0 0 0 0 0 2 0 1 0 0 0/0 15:03 0:52 0:07
Jake Sanderson 0 1 1 -1 0 1 0 2 0 1 0/0 20:16 0:00 2:36
Lawson Crouse 0 0 0 0 0 1 0 1 1 0 0/1 15:09 0:00 2:43
Mark Stone 0 0 0 0 0 1 1 0 1 0 0/2 14:45 0:52 0:00
Mikhail Sergachev 0 0 0 0 2 1 1 0 1 0 0/0 24:01 1:21 0:00
Nick Leddy 0 0 0 1 0 1 0 1 0 0 0/0 14:32 0:00 2:36
Nico Sturm 0 0 0 0 0 1 2 0 0 0 3/6 9:48 0:00 2:22
Robert Thomas 0 0 0 0 2 6 0 0 1 0 9/21 20:10 1:07 0:00
Sean Kuraly 0 0 0 0 0 0 1 0 0 0 0/0 7:21 0:00 0:00
Tage Thompson 0 0 0 0 0 1 1 0 2 2 1/1 21:04 1:07 0:00
Yanni Gourde 0 0 0 0 0 0 0 0 0 0 1/4 14:34 0:52 2:22
Players Stats for Philadelphia Flyers
Player Name G A P +/- PIM S H SB GA TA FO MP PP MP PK MP
------------------------------------------------------------------------------------
Artem Zub 0 0 0 1 0 0 5 0 0 0 0/0 20:58 0:00 1:32
Auston Matthews 0 1 1 0 0 3 2 1 0 0 11/18 15:37 2:34 0:00
Ben Chiarot 0 0 0 0 2 0 3 2 0 3 0/0 18:10 0:00 0:00
Bryan Rust 0 0 0 0 0 0 1 0 0 0 0/1 14:34 0:00 0:58
Elias Lindholm 0 0 0 0 0 2 1 0 2 1 8/14 17:07 2:38 1:01
Erik Gustafsson 0 0 0 -1 0 0 1 3 0 1 0/0 17:53 2:48 0:00
Jesper Fast 1 0 1 0 0 2 0 2 0 0 1/1 14:09 0:00 1:01
Justin Faulk 0 0 0 0 0 0 0 0 0 1 0/0 21:45 2:24 1:03
Marcus Johansson 0 0 0 0 0 1 0 2 1 0 1/1 15:50 2:38 0:00
Matt Duchene 1 0 1 0 0 3 0 0 1 0 0/0 15:44 2:34 0:00
Matt Roy 0 0 0 -1 0 2 0 1 0 0 0/0 18:49 2:48 1:21
Matthew Peca 0 0 0 0 0 0 1 1 0 0 3/6 13:06 0:00 0:00
Max Pacioretty 0 1 1 0 0 1 0 0 0 0 0/0 14:58 2:34 0:00
Oliver Ekman-Larsson 0 1 1 1 0 1 2 1 1 1 0/0 22:51 2:24 0:02
Radek Faksa 0 0 0 0 0 0 2 1 0 1 6/13 15:15 0:00 0:58
Sonny Milano 0 1 1 0 0 1 0 1 0 0 0/0 13:06 0:00 0:00
Tyler Johnson 0 0 0 0 0 4 1 0 1 0 1/2 13:16 0:00 0:00
Vladimir Tarasenko 0 0 0 0 0 1 0 1 0 0 0/1 14:52 2:38 0:00
3 Stars
1 - Connor Ingram (PHI)
2 - Jesper Fast (PHI)
3 - Oliver Ekman-Larsson (PHI)
Power Play
St.Louis Blues - 0 on 1 Attempt(s) - 0.00%
Philadelphia Flyers - 1 on 3 Attempt(s) - 33.33%
Penalty Kill
St.Louis Blues - 2 on 3 Attempt(s) - 66.67%
- Score 0 goal in Penalty Kill
Philadelphia Flyers - 1 on 1 Attempt(s) - 100.00%
- Score 0 goal in Penalty Kill
Team Stat
St.Louis Blues - Hits : 16 - Faceoff Wins : 26 - Blocked Shots : 8 - Penalty Minutes : 6
Philadelphia Flyers - Hits : 19 - Faceoff Wins : 31 - Blocked Shots : 16 - Penalty Minutes : 2
Official
Referees : Frederick L'Ecuyer and Jon Mclsaac
Linesman : Don Henderson and Derek Nansen
Game Notes
No Game Note
Finance
Level 1 -- Attendance: 6000 (100.00%) -- Ticket Income $582,000
Level 2 -- Attendance: 4728 (94.56%) -- Ticket Income $269,496
Level 3 -- Attendance: 2642 (88.07%) -- Ticket Income $89,828
Level 4 -- Attendance: 4637 (92.74%) -- Ticket Income $106,651
Luxury Box -- Attendance: 1000 (100.00%) -- Ticket Income $195,000
Game was played at the Wells Fargo Center.
Total Attendance: 19007 (95.04%)
Total Ticket Income: $1,242,975
Other Income: $435,041
Total Income: $1,678,016
St.Louis Blues
5 vs 5 Forward
Center Left Wing Right Wing Time % Phy DF OF
1 Robert Thomas Elias Pettersson Tage Thompson 40 0 2 3
2 Jack Eichel Jake Guentzel Mark Stone 30 0 2 3
3 Yanni Gourde Lawson Crouse Evander Kane 20 1 2 2
4 Nico Sturm Andrew Copp Sean Kuraly 10 1 3 1
5 vs 5 Defense
Defense Defense Time % Phy DF OF
1 Mikhail Sergachev Alex Pietrangelo 45 1 2 2
2 Jake Sanderson Colton Parayko 35 1 2 2
3 Nick Leddy Adam Pelech 20 1 2 2
4 Alex Pietrangelo Mikhail Sergachev 0 1 2 2
PowerPlay Forward
Center Left Wing Right Wing Time % Phy DF OF
1 Robert Thomas Elias Pettersson Tage Thompson 60 1 0 4
2 Yanni Gourde Jake Guentzel Mark Stone 40 1 0 4
PowerPlay Defense
Defense Defense Time % Phy DF OF
1 Jack Eichel Mikhail Sergachev 60 0 1 4
2 Alex Pietrangelo Colton Parayko 40 0 1 4
Penalty Kill 4 Players Forward
Center Wing Time % Phy DF OF
1 Nico Sturm Yanni Gourde 50 1 4 0
2 Andrew Copp Lawson Crouse 50 1 4 0
Penalty Kill 4 Players Defense
Defense Defense Time % Phy DF OF
1 Adam Pelech Colton Parayko 50 1 4 0
2 Nick Leddy Jake Sanderson 50 1 4 0
Penalty Kill - 3 Players Forward
Forward Time % Phy DF OF
1 Nico Sturm 50 0 5 0
2 Yanni Gourde 50 0 5 0
Penalty Kill - 3 Players Defense
Defense Defense Time % Phy DF OF
1 Jake Sanderson Colton Parayko 50 0 5 0
2 Adam Pelech Nick Leddy 50 0 5 0
4 vs 4 Forward
Center Wing Time % Phy DF OF
1 Robert Thomas Elias Pettersson 50 0 2 3
2 Jack Eichel Tage Thompson 50 0 2 3
4 vs 4 Defense
Defense Defense Time % Phy DF OF
1 Alex Pietrangelo Mikhail Sergachev 50 1 2 2
2 Colton Parayko Jake Sanderson 50 1 2 2
Last Minutes Offensive
Center Left Wing Right Wing Defense Defense
Elias Pettersson Mark Stone Tage Thompson Alex Pietrangelo Mikhail Sergachev
Last Minutes Defensive
Center Left Wing Right Wing Defense Defense
Elias Pettersson Mark Stone Tage Thompson Alex Pietrangelo Mikhail Sergachev
Goaltenders
Starting : Connor Hellebuyck
Backup : Scott Wedgewood
Extra Forwards
Normal : Mark Stone, Jack Eichel, Lawson Crouse - PP : Jake Guentzel, Evander Kane - PK : Robert Thomas
Extra Defensemen
Normal : Jake Sanderson, Nick Leddy, Colton Parayko - PP : Nick Leddy - PK : Jake Sanderson, Colton Parayko
Penalty Shots
Elias Pettersson, Tage Thompson, Robert Thomas, Mark Stone, Jack Eichel
Philadelphia Flyers
5 vs 5 Forward
Center Left Wing Right Wing Time % Phy DF OF
1 Auston Matthews Matt Duchene Bryan Rust 25 0 2 3
2 Elias Lindholm Max Pacioretty Vladimir Tarasenko 25 0 2 3
3 Radek Faksa Marcus Johansson Tyler Johnson 25 0 2 3
4 Matthew Peca Jesper Fast Sonny Milano 25 0 2 3
5 vs 5 Defense
Defense Defense Time % Phy DF OF
1 Justin Faulk Ben Chiarot 35 1 2 2
2 Oliver Ekman-Larsson Artem Zub 35 1 2 2
3 Erik Gustafsson Matt Roy 30 1 2 2
4 Justin Faulk Ben Chiarot 0 1 2 2
PowerPlay Forward
Center Left Wing Right Wing Time % Phy DF OF
1 Auston Matthews Max Pacioretty Matt Duchene 50 0 1 4
2 Elias Lindholm Marcus Johansson Vladimir Tarasenko 50 0 1 4
PowerPlay Defense
Defense Defense Time % Phy DF OF
1 Justin Faulk Oliver Ekman-Larsson 50 0 2 3
2 Erik Gustafsson Matt Roy 50 0 2 3
Penalty Kill 4 Players Forward
Center Wing Time % Phy DF OF
1 Radek Faksa Bryan Rust 50 0 4 1
2 Elias Lindholm Jesper Fast 50 0 4 1
Penalty Kill 4 Players Defense
Defense Defense Time % Phy DF OF
1 Ben Chiarot Matt Roy 50 0 5 0
2 Artem Zub Justin Faulk 50 0 5 0
Penalty Kill - 3 Players Forward
Forward Time % Phy DF OF
1 Radek Faksa 50 0 5 0
2 Elias Lindholm 50 0 5 0
Penalty Kill - 3 Players Defense
Defense Defense Time % Phy DF OF
1 Ben Chiarot Matt Roy 50 0 5 0
2 Artem Zub Justin Faulk 50 0 5 0
4 vs 4 Forward
Center Wing Time % Phy DF OF
1 Auston Matthews Matt Duchene 50 0 2 3
2 Elias Lindholm Max Pacioretty 50 0 2 3
4 vs 4 Defense
Defense Defense Time % Phy DF OF
1 Justin Faulk Ben Chiarot 50 1 2 2
2 Oliver Ekman-Larsson Artem Zub 50 1 2 2
Last Minutes Offensive
Center Left Wing Right Wing Defense Defense
Auston Matthews Elias Lindholm Matt Duchene Justin Faulk Oliver Ekman-Larsson
Last Minutes Defensive
Center Left Wing Right Wing Defense Defense
Elias Lindholm Radek Faksa Bryan Rust Ben Chiarot Matt Roy
Goaltenders
Starting : Connor Ingram
Backup : Jake Allen
Extra Forwards
Normal : Auston Matthews, Elias Lindholm, Matt Duchene - PP : Auston Matthews, Elias Lindholm - PK : Elias Lindholm
Extra Defensemen
Normal : Justin Faulk, Oliver Ekman-Larsson, Erik Gustafsson - PP : Justin Faulk - PK : Ben Chiarot, Matt Roy
Penalty Shots
Auston Matthews, Matt Duchene, Max Pacioretty, Elias Lindholm, Vladimir Tarasenko
% Time on Ice - St.Louis Blues
Lines # - Real PCT - Wanted PCT - Time Play
Normal Forward
1 - 37% - 40% - 18:58
2 - 27% - 30% - 14:04
3 - 22% - 20% - 11:22
4 - 14% - 10% - 7:21
Normal Defense
1 - 43% - 45% - 22:29
2 - 34% - 35% - 17:40
3 - 22% - 20% - 11:36
4 - 0% - 0% - 0:00
PP Forward
1 - 56% - 60% - 1:07
2 - 44% - 40% - 0:52
PP Defense
1 - 68% - 60% - 1:21
2 - 32% - 40% - 0:38
PK Forward
1 - 46% - 50% - 2:22
2 - 54% - 50% - 2:50
PK Defense
1 - 50% - 50% - 2:36
2 - 50% - 50% - 2:36
PK3 Forward
1 - 0% - 50%
2 - 0% - 50%
PK3 Defense
1 - 0% - 50%
2 - 0% - 50%
44 Forward
1 - 0% - 50%
2 - 0% - 50%
44 Defense
1 - 0% - 50%
2 - 0% - 50%
Last Minute Offensive - 1:04
Last Minute Defensive - 0:00
Total
Forward - 60:00
Defense - 60:00
|
% Time on Ice - Philadelphia Flyers
Lines # - Real PCT - Wanted PCT - Time Play
Normal Forward
1 - 25% - 25% - 12:45
2 - 24% - 25% - 12:41
3 - 26% - 25% - 13:16
4 - 25% - 25% - 13:06
Normal Defense
1 - 35% - 35% - 18:18
2 - 36% - 35% - 18:26
3 - 29% - 30% - 15:04
4 - 0% - 0% - 0:00
PP Forward
1 - 49% - 50% - 2:34
2 - 51% - 50% - 2:38
PP Defense
1 - 46% - 50% - 2:24
2 - 54% - 50% - 2:48
PK Forward
1 - 49% - 50% - 0:58
2 - 51% - 50% - 1:01
PK Defense
1 - 70% - 50% - 1:23
2 - 30% - 50% - 0:36
PK3 Forward
1 - 0% - 50%
2 - 0% - 50%
PK3 Defense
1 - 0% - 50%
2 - 0% - 50%
44 Forward
1 - 0% - 50%
2 - 0% - 50%
44 Defense
1 - 0% - 50%
2 - 0% - 50%
Last Minute Offensive - 0:00
Last Minute Defensive - 1:01
Total
Forward - 60:00
Defense - 60:00
|
Play-by-Play
1st period
0:01 of 1st period - Auston Matthews wins face-off versus Robert Thomas in neutral zone.
0:54 of 1st period - Snap shot by Lawson Crouse.
0:54 of 1st period - Shot Blocked by Marcus Johansson.
1:11 of 1st period - Alex Pietrangelo is hit by Oliver Ekman-Larsson and loses puck.
1:31 of 1st period - Icing by Auston Matthews.
1:32 of 1st period - Auston Matthews wins face-off versus Robert Thomas in Philadelphia Flyers zone.
1:41 of 1st period - Snap shot by Matt Duchene.
1:41 of 1st period - Shot Blocked by Jake Sanderson.
2:18 of 1st period - Icing by Jake Sanderson.
2:19 of 1st period - Jack Eichel wins face-off versus Tyler Johnson in St.Louis Blues zone.
2:54 of 1st period - Slapshot by Elias Pettersson.
2:54 of 1st period - Stopped by Connor Ingram with a rebound.
2:56 of 1st period - Slapshot by Colton Parayko.
2:56 of 1st period - Shot Misses the Net.
3:18 of 1st period - Nick Leddy is hit by Elias Lindholm and loses puck.
3:57 of 1st period - Wrist shot by Tyler Johnson.
3:57 of 1st period - Deflect By Marcus Johansson.
3:57 of 1st period - Shot Blocked by Alex Pietrangelo.
3:57 of 1st period - Puck is out of play.
3:58 of 1st period - Elias Pettersson wins face-off versus Matthew Peca in St.Louis Blues zone.
5:34 of 1st period - Snap shot by Elias Pettersson.
5:34 of 1st period - Shot Misses the Net.
6:06 of 1st period - Jake Sanderson is hit by Artem Zub.
6:42 of 1st period - Snap shot by Jesper Fast.
6:42 of 1st period - Goal by Jesper Fast - St.Louis Blues : 0 - Philadelphia Flyers : 1.
6:43 of 1st period - Marcus Johansson wins face-off versus Jack Eichel in neutral zone.
7:53 of 1st period - Snap shot by Marcus Johansson.
7:53 of 1st period - Deflect By Tyler Johnson.
7:53 of 1st period - Stopped by Connor Hellebuyck without a rebound.
7:54 of 1st period - Yanni Gourde wins face-off versus Radek Faksa in St.Louis Blues zone.
8:28 of 1st period - Off-side.
8:29 of 1st period - Auston Matthews wins face-off versus Robert Thomas in neutral zone.
8:36 of 1st period - Wrist shot by Auston Matthews.
8:36 of 1st period - Stopped by Connor Hellebuyck without a rebound.
8:37 of 1st period - Auston Matthews wins face-off versus Robert Thomas in St.Louis Blues zone.
8:46 of 1st period - Snap shot by Robert Thomas.
8:46 of 1st period - Shot Blocked by Ben Chiarot.
8:51 of 1st period - Off-side.
8:52 of 1st period - Elias Lindholm wins face-off versus Jack Eichel in neutral zone.
9:08 of 1st period - Elias Lindholm is hit by Jack Eichel.
9:26 of 1st period - Off-side.
9:27 of 1st period - Auston Matthews wins face-off versus Lawson Crouse in neutral zone.
10:15 of 1st period - Elias Lindholm is hit by Alex Pietrangelo and loses puck.
11:00 of 1st period - Snap shot by Matt Duchene.
11:00 of 1st period - Stopped by Connor Hellebuyck without a rebound.
11:01 of 1st period - Auston Matthews wins face-off versus Robert Thomas in St.Louis Blues zone.
11:16 of 1st period - Wrist shot by Robert Thomas.
11:16 of 1st period - Stopped by Connor Ingram without a rebound.
11:17 of 1st period - Jack Eichel wins face-off versus Radek Faksa in Philadelphia Flyers zone.
11:24 of 1st period - Snap shot by Jack Eichel.
11:24 of 1st period - Shot Blocked by Marcus Johansson.
11:44 of 1st period - Mikhail Sergachev is hit by Ben Chiarot and loses puck.
12:07 of 1st period - Slapshot by Evander Kane.
12:07 of 1st period - Stopped by Connor Ingram with a rebound.
12:09 of 1st period - Snap shot by Evander Kane.
12:09 of 1st period - Shot Misses the Net.
12:11 of 1st period - Slapshot by Lawson Crouse.
12:11 of 1st period - Shot Blocked by Oliver Ekman-Larsson.
12:13 of 1st period - Wrist shot by Evander Kane.
12:13 of 1st period - Stopped by Connor Ingram with a rebound.
12:15 of 1st period - Snap shot by Alex Pietrangelo.
12:15 of 1st period - Stopped by Connor Ingram with a rebound.
13:20 of 1st period - Snap shot by Nico Sturm.
13:20 of 1st period - Shot Misses the Net.
13:22 of 1st period - Wrist shot by Sean Kuraly.
13:22 of 1st period - Shot Misses the Net.
13:24 of 1st period - Snap shot by Andrew Copp.
13:24 of 1st period - Stopped by Connor Ingram with a rebound.
13:30 of 1st period - Snap shot by Andrew Copp.
13:30 of 1st period - Stopped by Connor Ingram without a rebound.
13:31 of 1st period - Robert Thomas wins face-off versus Radek Faksa in Philadelphia Flyers zone.
13:40 of 1st period - Wrist shot by Tage Thompson.
13:40 of 1st period - Shot Misses the Net.
13:42 of 1st period - Minor Penalty to Ben Chiarot for Holding Stick.
13:43 of 1st period - Robert Thomas wins face-off versus Radek Faksa in Philadelphia Flyers zone.
13:58 of 1st period - Wrist shot by Robert Thomas.
13:58 of 1st period - Shot Misses the Net.
14:00 of 1st period - Slapshot by Jack Eichel.
14:00 of 1st period - Stopped by Connor Ingram without a rebound.
14:01 of 1st period - Radek Faksa wins face-off versus Yanni Gourde in Philadelphia Flyers zone.
15:42 of 1st period - Penalty to Ben Chiarot is over, Ben Chiarot is back on ice.
17:05 of 1st period - Tyler Johnson is hit by Mark Stone and loses puck.
17:13 of 1st period - Icing by Radek Faksa.
17:14 of 1st period - Robert Thomas wins face-off versus Matthew Peca in Philadelphia Flyers zone.
17:47 of 1st period - Wrist shot by Vladimir Tarasenko.
17:47 of 1st period - Deflect By Elias Lindholm.
17:47 of 1st period - Stopped by Connor Hellebuyck without a rebound.
17:48 of 1st period - Jack Eichel wins face-off versus Radek Faksa in St.Louis Blues zone.
18:15 of 1st period - Oliver Ekman-Larsson is hit by Evander Kane and loses puck.
18:21 of 1st period - Off-side.
18:22 of 1st period - Auston Matthews wins face-off versus Robert Thomas in neutral zone.
18:39 of 1st period - Wrist shot by Auston Matthews.
18:39 of 1st period - Stopped by Connor Hellebuyck with a rebound.
18:49 of 1st period - Jack Eichel is hit by Erik Gustafsson.
Goals for this period are 0 for St.Louis Blues vs 1 for Philadelphia Flyers.
Shots for this period are 8 for St.Louis Blues vs 6 for Philadelphia Flyers.
2nd period
0:01 of 2nd period - Radek Faksa wins face-off versus Elias Pettersson in neutral zone.
0:10 of 2nd period - Wrist shot by Robert Thomas.
0:10 of 2nd period - Shot Misses the Net.
0:12 of 2nd period - Snap shot by Elias Pettersson.
0:12 of 2nd period - Stopped by Connor Ingram without a rebound.
0:13 of 2nd period - Tage Thompson wins face-off versus Auston Matthews in Philadelphia Flyers zone.
0:40 of 2nd period - Wrist shot by Marcus Johansson.
0:40 of 2nd period - Stopped by Connor Hellebuyck without a rebound.
0:41 of 2nd period - Jack Eichel wins face-off versus Radek Faksa in St.Louis Blues zone.
1:27 of 2nd period - Lawson Crouse is hit by Auston Matthews and loses puck.
1:32 of 2nd period - Snap shot by Matt Duchene.
1:32 of 2nd period - Shot Misses the Net.
1:34 of 2nd period - Wrist shot by Auston Matthews.
1:34 of 2nd period - Shot Blocked by Lawson Crouse.
1:36 of 2nd period - Snap shot by Auston Matthews.
1:36 of 2nd period - Shot Misses the Net.
1:38 of 2nd period - Slapshot by Matt Roy.
1:38 of 2nd period - Deflect By Matt Duchene.
1:38 of 2nd period - Shot Misses the Net.
1:38 of 2nd period - Puck is out of play.
1:39 of 2nd period - Jack Eichel wins face-off versus Elias Lindholm in St.Louis Blues zone.
1:51 of 2nd period - Slapshot by Jack Eichel.
1:51 of 2nd period - Stopped by Connor Ingram with a rebound.
1:53 of 2nd period - Wrist shot by Mikhail Sergachev.
1:53 of 2nd period - Stopped by Connor Ingram without a rebound.
1:54 of 2nd period - Robert Thomas wins face-off versus Auston Matthews in Philadelphia Flyers zone.
2:11 of 2nd period - Snap shot by Robert Thomas.
2:11 of 2nd period - Stopped by Connor Ingram with a rebound.
2:26 of 2nd period - Snap shot by Jack Eichel.
2:26 of 2nd period - Stopped by Connor Ingram with a rebound.
2:28 of 2nd period - Snap shot by Jake Guentzel.
2:28 of 2nd period - Stopped by Connor Ingram with a rebound.
2:48 of 2nd period - Tyler Johnson is hit by Evander Kane and loses puck.
3:53 of 2nd period - Wrist shot by Jake Guentzel.
3:53 of 2nd period - Stopped by Connor Ingram with a rebound.
3:55 of 2nd period - Snap shot by Mark Stone.
3:55 of 2nd period - Shot Misses the Net.
3:57 of 2nd period - Wrist shot by Mark Stone.
3:57 of 2nd period - Shot Blocked by Jesper Fast.
3:59 of 2nd period - Slapshot by Alex Pietrangelo.
3:59 of 2nd period - Shot Misses the Net.
4:09 of 2nd period - Yanni Gourde is hit by Radek Faksa and loses puck.
4:14 of 2nd period - Wrist shot by Marcus Johansson.
4:14 of 2nd period - Shot Misses the Net.
4:16 of 2nd period - Slapshot by Matt Roy.
4:16 of 2nd period - Stopped by Connor Hellebuyck with a rebound.
4:18 of 2nd period - Snap shot by Marcus Johansson.
4:18 of 2nd period - Shot Blocked by Alex Pietrangelo.
4:20 of 2nd period - Slapshot by Matt Roy.
4:20 of 2nd period - Stopped by Connor Hellebuyck without a rebound.
4:21 of 2nd period - Elias Lindholm wins face-off versus Robert Thomas in St.Louis Blues zone.
4:29 of 2nd period - Off-side.
4:30 of 2nd period - Robert Thomas wins face-off versus Elias Lindholm in neutral zone.
4:42 of 2nd period - Snap shot by Tage Thompson.
4:42 of 2nd period - Shot Blocked by Vladimir Tarasenko.
4:58 of 2nd period - Wrist shot by Elias Pettersson.
4:58 of 2nd period - Stopped by Connor Ingram without a rebound.
4:59 of 2nd period - Radek Faksa wins face-off versus Jack Eichel in Philadelphia Flyers zone.
6:25 of 2nd period - Minor Penalty to Robert Thomas for Hooking.
6:26 of 2nd period - Auston Matthews wins face-off versus Nico Sturm in St.Louis Blues zone.
7:58 of 2nd period - Elias Lindholm is hit by Andrew Copp and loses puck.
8:25 of 2nd period - Penalty to Robert Thomas is over, Robert Thomas is back on ice.
9:10 of 2nd period - Wrist shot by Elias Pettersson.
9:10 of 2nd period - Shot Misses the Net.
9:46 of 2nd period - Slapshot by Nico Sturm.
9:46 of 2nd period - Shot Blocked by Ben Chiarot.
10:30 of 2nd period - Max Pacioretty is hit by Alex Pietrangelo and loses puck.
10:48 of 2nd period - Nico Sturm is hit by Tyler Johnson and loses puck.
10:55 of 2nd period - Radek Faksa is hit by Sean Kuraly and loses puck.
11:25 of 2nd period - Jake Sanderson is hit by Ben Chiarot and loses puck.
12:04 of 2nd period - Icing by Yanni Gourde.
12:05 of 2nd period - Auston Matthews wins face-off versus Yanni Gourde in St.Louis Blues zone.
12:28 of 2nd period - Wrist shot by Robert Thomas.
12:28 of 2nd period - Shot Blocked by Jesper Fast.
12:47 of 2nd period - Icing by Matthew Peca.
12:48 of 2nd period - Matthew Peca wins face-off versus Jack Eichel in Philadelphia Flyers zone.
13:25 of 2nd period - Backhand shot by Oliver Ekman-Larsson.
13:25 of 2nd period - Stopped by Connor Hellebuyck with a rebound.
13:45 of 2nd period - Wrist shot by Auston Matthews.
13:45 of 2nd period - Stopped by Connor Hellebuyck with a rebound.
13:47 of 2nd period - Slapshot by Artem Zub.
13:47 of 2nd period - Shot Misses the Net.
13:49 of 2nd period - Wrist shot by Bryan Rust.
13:49 of 2nd period - Deflect By Matt Duchene.
13:49 of 2nd period - Shot Hit the Post.
13:49 of 2nd period - Puck is out of play.
13:50 of 2nd period - Elias Lindholm wins face-off versus Jack Eichel in St.Louis Blues zone.
14:01 of 2nd period - Wrist shot by Mark Stone.
14:01 of 2nd period - Stopped by Connor Ingram without a rebound.
14:02 of 2nd period - Radek Faksa wins face-off versus Elias Pettersson in Philadelphia Flyers zone.
14:02 of 2nd period - Radek Faksa is hit by Elias Pettersson.
14:24 of 2nd period - Minor Penalty to Mikhail Sergachev for Interference.
14:25 of 2nd period - Elias Lindholm wins face-off versus Nico Sturm in St.Louis Blues zone.
14:30 of 2nd period - Snap shot by Elias Lindholm.
14:30 of 2nd period - Stopped by Connor Hellebuyck without a rebound.
14:31 of 2nd period - Nico Sturm wins face-off versus Vladimir Tarasenko in St.Louis Blues zone.
14:53 of 2nd period - Icing by Matt Roy.
14:54 of 2nd period - Auston Matthews wins face-off versus Andrew Copp in Philadelphia Flyers zone.
15:05 of 2nd period - Snap shot by Matt Duchene.
15:05 of 2nd period - Stopped by Connor Hellebuyck without a rebound.
15:06 of 2nd period - Nico Sturm wins face-off versus Elias Lindholm in St.Louis Blues zone.
15:42 of 2nd period - Snap shot by Lawson Crouse.
15:42 of 2nd period - Shot Blocked by Erik Gustafsson.
16:24 of 2nd period - Penalty to Mikhail Sergachev is over, Mikhail Sergachev is back on ice.
16:42 of 2nd period - Tage Thompson is hit by Matthew Peca and loses puck.
16:53 of 2nd period - Adam Pelech is hit by Radek Faksa and loses puck.
17:30 of 2nd period - Minor Penalty to Elias Pettersson for Hooking.
17:31 of 2nd period - Andrew Copp wins face-off versus Elias Lindholm in St.Louis Blues zone.
17:57 of 2nd period - Icing by Matt Duchene.
17:58 of 2nd period - Andrew Copp wins face-off versus Auston Matthews in Philadelphia Flyers zone.
18:09 of 2nd period - Snap shot by Lawson Crouse.
18:09 of 2nd period - Stopped by Connor Ingram without a rebound.
18:10 of 2nd period - Elias Lindholm wins face-off versus Andrew Copp in Philadelphia Flyers zone.
18:14 of 2nd period - Off-side.
18:15 of 2nd period - Andrew Copp wins face-off versus Elias Lindholm in neutral zone.
18:30 of 2nd period - Snap shot by Elias Lindholm.
18:30 of 2nd period - Deflect By Vladimir Tarasenko.
18:30 of 2nd period - Shot Misses the Net.
18:30 of 2nd period - Puck is out of play.
18:31 of 2nd period - Nico Sturm wins face-off versus Auston Matthews in St.Louis Blues zone.
18:44 of 2nd period - Snap shot by Matt Duchene.
18:44 of 2nd period - Goal by Matt Duchene - St.Louis Blues : 0 - Philadelphia Flyers : 2.
18:45 of 2nd period - Elias Lindholm wins face-off versus Robert Thomas in neutral zone.
19:11 of 2nd period - Mark Stone is hit by Bryan Rust and loses puck.
19:39 of 2nd period - Snap shot by Marcus Johansson.
19:39 of 2nd period - Shot Misses the Net.
Goals for this period are 0 for St.Louis Blues vs 1 for Philadelphia Flyers.
Shots for this period are 10 for St.Louis Blues vs 8 for Philadelphia Flyers.
3rd period
0:01 of 3rd period - Elias Lindholm wins face-off versus Robert Thomas in neutral zone.
0:14 of 3rd period - Wrist shot by Robert Thomas.
0:14 of 3rd period - Stopped by Connor Ingram without a rebound.
0:15 of 3rd period - Jack Eichel wins face-off versus Bryan Rust in Philadelphia Flyers zone.
1:08 of 3rd period - Snap shot by Marcus Johansson.
1:08 of 3rd period - Shot Blocked by Jake Sanderson.
1:10 of 3rd period - Slapshot by Tyler Johnson.
1:10 of 3rd period - Stopped by Connor Hellebuyck without a rebound.
1:11 of 3rd period - Jack Eichel wins face-off versus Auston Matthews in St.Louis Blues zone.
2:22 of 3rd period - Slapshot by Nico Sturm.
2:22 of 3rd period - Shot Blocked by Matthew Peca.
2:28 of 3rd period - Wrist shot by Andrew Copp.
2:28 of 3rd period - Shot Misses the Net.
2:30 of 3rd period - Snap shot by Nico Sturm.
2:30 of 3rd period - Stopped by Connor Ingram with a rebound.
2:37 of 3rd period - Icing by Ben Chiarot.
2:38 of 3rd period - Auston Matthews wins face-off versus Mark Stone in Philadelphia Flyers zone.
3:07 of 3rd period - Matt Duchene is hit by Evander Kane and loses puck.
3:31 of 3rd period - Adam Pelech is hit by Ben Chiarot and loses puck.
3:47 of 3rd period - Icing by Radek Faksa.
3:48 of 3rd period - Radek Faksa wins face-off versus Nico Sturm in Philadelphia Flyers zone.
4:01 of 3rd period - Wrist shot by Vladimir Tarasenko.
4:01 of 3rd period - Shot Misses the Net.
4:03 of 3rd period - Slapshot by Elias Lindholm.
4:03 of 3rd period - Shot Misses the Net.
4:56 of 3rd period - Bryan Rust is hit by Mikhail Sergachev and loses puck.
5:21 of 3rd period - Backhand shot by Andrew Copp.
5:21 of 3rd period - Shot Misses the Net.
5:23 of 3rd period - Slapshot by Colton Parayko.
5:23 of 3rd period - Shot Misses the Net.
5:25 of 3rd period - Slapshot by Colton Parayko.
5:25 of 3rd period - Stopped by Connor Ingram with a rebound.
5:37 of 3rd period - Snap shot by Elias Pettersson.
5:37 of 3rd period - Goal by Elias Pettersson - St.Louis Blues : 1 - Philadelphia Flyers : 2.
5:38 of 3rd period - Robert Thomas wins face-off versus Radek Faksa in neutral zone.
5:45 of 3rd period - Wrist shot by Elias Pettersson.
5:45 of 3rd period - Shot Misses the Net.
6:29 of 3rd period - Artem Zub is hit by Evander Kane and loses puck.
7:07 of 3rd period - Off-side.
7:08 of 3rd period - Robert Thomas wins face-off versus Elias Lindholm in neutral zone.
7:19 of 3rd period - Wrist shot by Elias Pettersson.
7:19 of 3rd period - Shot Blocked by Matt Roy.
7:21 of 3rd period - Snap shot by Jake Sanderson.
7:21 of 3rd period - Stopped by Connor Ingram without a rebound.
7:22 of 3rd period - Radek Faksa wins face-off versus Robert Thomas in Philadelphia Flyers zone.
7:22 of 3rd period - Radek Faksa is hit by Tage Thompson.
8:25 of 3rd period - Snap shot by Vladimir Tarasenko.
8:25 of 3rd period - Stopped by Connor Hellebuyck with a rebound.
8:27 of 3rd period - Slapshot by Matt Roy.
8:27 of 3rd period - Deflect By Max Pacioretty.
8:27 of 3rd period - Stopped by Connor Hellebuyck without a rebound.
8:28 of 3rd period - Robert Thomas wins face-off versus Auston Matthews in St.Louis Blues zone.
8:43 of 3rd period - Wrist shot by Robert Thomas.
8:43 of 3rd period - Stopped by Connor Ingram with a rebound.
8:45 of 3rd period - Snap shot by Mikhail Sergachev.
8:45 of 3rd period - Shot Blocked by Auston Matthews.
8:55 of 3rd period - Jake Guentzel is hit by Artem Zub and loses puck.
9:26 of 3rd period - Slapshot by Justin Faulk.
9:26 of 3rd period - Shot Misses the Net.
9:36 of 3rd period - Lawson Crouse is hit by Oliver Ekman-Larsson and loses puck.
9:45 of 3rd period - Lawson Crouse is hit by Artem Zub and loses puck.
10:04 of 3rd period - Icing by Colton Parayko.
10:05 of 3rd period - Tyler Johnson wins face-off versus Robert Thomas in St.Louis Blues zone.
10:10 of 3rd period - Snap shot by Tyler Johnson.
10:10 of 3rd period - Shot Misses the Net.
10:16 of 3rd period - Snap shot by Robert Thomas.
10:16 of 3rd period - Stopped by Connor Ingram with a rebound.
10:18 of 3rd period - Slapshot by Adam Pelech.
10:18 of 3rd period - Shot Misses the Net.
10:22 of 3rd period - Wrist shot by Elias Pettersson.
10:22 of 3rd period - Shot Misses the Net.
10:24 of 3rd period - Slapshot by Nick Leddy.
10:24 of 3rd period - Stopped by Connor Ingram with a rebound.
10:32 of 3rd period - Snap shot by Elias Pettersson.
10:32 of 3rd period - Stopped by Connor Ingram with a rebound.
10:34 of 3rd period - Slapshot by Tage Thompson.
10:34 of 3rd period - Stopped by Connor Ingram without a rebound.
10:35 of 3rd period - Matthew Peca wins face-off versus Mark Stone in Philadelphia Flyers zone.
10:49 of 3rd period - Snap shot by Jack Eichel.
10:49 of 3rd period - Shot Blocked by Sonny Milano.
12:15 of 3rd period - Justin Faulk is hit by Nico Sturm and loses puck.
12:24 of 3rd period - Sonny Milano is hit by Nico Sturm and loses puck.
12:40 of 3rd period - Off-side.
12:41 of 3rd period - Robert Thomas wins face-off versus Auston Matthews in neutral zone.
12:54 of 3rd period - Snap shot by Tage Thompson.
12:54 of 3rd period - Deflect By Elias Pettersson.
12:54 of 3rd period - Shot Blocked by Erik Gustafsson.
12:54 of 3rd period - Puck is out of play.
12:55 of 3rd period - Jesper Fast wins face-off versus Robert Thomas in Philadelphia Flyers zone.
13:06 of 3rd period - Colton Parayko is hit by Artem Zub and loses puck.
13:32 of 3rd period - Snap shot by Jack Eichel.
13:32 of 3rd period - Shot Blocked by Radek Faksa.
13:46 of 3rd period - Max Pacioretty is hit by Evander Kane.
13:54 of 3rd period - Snap shot by Lawson Crouse.
13:54 of 3rd period - Shot Blocked by Erik Gustafsson.
14:20 of 3rd period - Slapshot by Auston Matthews.
14:20 of 3rd period - Shot Blocked by Nick Leddy.
15:24 of 3rd period - Snap shot by Robert Thomas.
15:24 of 3rd period - Stopped by Connor Ingram with a rebound.
15:26 of 3rd period - Wrist shot by Elias Pettersson.
15:26 of 3rd period - Stopped by Connor Ingram without a rebound.
15:27 of 3rd period - Matthew Peca wins face-off versus Yanni Gourde in Philadelphia Flyers zone.
15:34 of 3rd period - Snap shot by Sonny Milano.
15:34 of 3rd period - Stopped by Connor Hellebuyck with a rebound.
15:36 of 3rd period - Slapshot by Artem Zub.
15:36 of 3rd period - Shot Blocked by Alex Pietrangelo.
15:38 of 3rd period - Snap shot by Jesper Fast.
15:38 of 3rd period - Stopped by Connor Hellebuyck with a rebound.
15:40 of 3rd period - Snap shot by Matthew Peca.
15:40 of 3rd period - Shot Misses the Net.
16:01 of 3rd period - Wrist shot by Tyler Johnson.
16:01 of 3rd period - Stopped by Connor Hellebuyck without a rebound.
16:02 of 3rd period - Jack Eichel wins face-off versus Matthew Peca in St.Louis Blues zone.
16:07 of 3rd period - Wrist shot by Jack Eichel.
16:07 of 3rd period - Shot Misses the Net.
16:33 of 3rd period - Wrist shot by Tyler Johnson.
16:33 of 3rd period - Stopped by Connor Hellebuyck with a rebound.
16:35 of 3rd period - Slapshot by Justin Faulk.
16:35 of 3rd period - Shot Misses the Net.
17:06 of 3rd period - Icing by Tage Thompson.
17:07 of 3rd period - Elias Lindholm wins face-off versus Jack Eichel in St.Louis Blues zone.
17:21 of 3rd period - Wrist shot by Jack Eichel.
17:21 of 3rd period - Shot Misses the Net.
17:23 of 3rd period - Snap shot by Mark Stone.
17:23 of 3rd period - Shot Hit the Post.
18:12 of 3rd period - Elias Pettersson is hit by Auston Matthews and loses puck.
18:33 of 3rd period - Slapshot by Matthew Peca.
18:33 of 3rd period - Shot Blocked by Jake Guentzel.
18:45 of 3rd period - Mark Stone is hit by Artem Zub and loses puck.
19:12 of 3rd period - Snap shot by Elias Lindholm.
19:12 of 3rd period - Shot Misses the Net.
19:30 of 3rd period - St.Louis Blues, Connor Hellebuyck is pulled from the net.
19:58 of 3rd period - Wrist shot by Tage Thompson.
19:58 of 3rd period - Shot Misses the Net.
Goals for this period are 1 for St.Louis Blues vs 0 for Philadelphia Flyers.
Shots for this period are 12 for St.Louis Blues vs 7 for Philadelphia Flyers.
Back to the Top